 Dungeon Crawl Stone Soup version 0.30-b1-2-g02819fbbbe (webtiles) character file.

Game seed: 8241383065000067000

93520 Alarkh the Swashbuckler (level 15, -1/124 HPs)
             Began as a Demonspawn Artificer on Nov 27, 2023.
             Was a Believer of Uskayaw.
             Splashed by a goliath frog's acid (6 damage)
             ... on level 1 of the Swamp.
             The game lasted 00:44:18 (25249 turns).

Alarkh the Swashbuckler (Demonspawn Artificer)     Turns: 25249, Time: 00:44:20

Health: -1/124     AC: 12    Str: 14    XL:     15   Next: 60%
Magic:  24/24      EV: 11    Int: 20    God:    Uskayaw [**....]
Gold:   2247       SH:  5    Dex: 14    Spells: 14/14 levels left

rFire   . . .        a - +12 dagger of Makhleb, Ageing {drain, Will+ Int+2}
rCold   + . .        (no shield)
rNeg    . . .        N - +2 scale mail {Will+}
rPois   +            (helmet restricted)
rElec   .            G - +2 cloak
rCorr   .            (gloves unavailable)
SInv    +            Q - +1 pair of boots "Inkyn Ana" {rPois Will+++ SInv Stlth-}
Will    +++++        T - amulet "Tessosoa" {Reflect rPois SH+5}
Stlth   +++          q - +4 ring of slaying
HPRegen 3.40/turn    U - ring of flight
MPRegen 0.19/turn

%: reflection
@: corroded, flying, studying Throwing
A: thin metallic scales 1, demonic guardian 3, powered by death 2, demonic touch
3, horns 1, cold resistance 1, evolution 1
a: Renounce Religion, Stomp, Line Pass


You were on level 1 of the Swamp.
You worshipped Uskayaw.
Uskayaw was pleased with you.
You visited 5 branches of the dungeon, and saw 24 of its levels.
You also visited: Trove and Sewer.

You collected 3489 gold pieces.
You spent 1242 gold pieces at shops.

Inventory:

Hand Weapons
 a - the +12 dagger of Makhleb, Ageing (weapon) {drain, Will+ Int+2}
   (You bought it in a shop on level 2 of the Orcish Mines)

   Int:       It affects your intelligence (+2).
   Will:      It increases your willpower.
 b - the +7 dagger of the Gibberer {elec, *Corrode rElec rPois rF+}
   (You bought it in a shop on level 2 of the Orcish Mines)

   rF:        It protects you from fire.
   rElec:     It insulates you from electricity.
   rPois:     It protects you from poison.
   *Corrode:  It may corrode you when you take damage.
 s - a +2 short sword of speed
Armour
 p - the +0 pair of boots of the Stars {Int+3}
   (You found it in a treasure trove)

   Int:       It affects your intelligence (+3).
 G - a +2 cloak (worn)
 N - a +2 scale mail of willpower (worn)
 P - +0 swamp dragon scales
 Q - the +1 pair of boots "Inkyn Ana" (worn) {rPois Will+++ SInv Stlth-}
   (You found it on level 15 of the Dungeon)

   rPois:     It protects you from poison.
   SInv:      It lets you see invisible.
   Will:      It greatly increases your willpower.
   Stlth:     It makes you less stealthy.
Magical Staves
 f - a staff of conjuration
 A - a staff of death
 B - a staff of air
Jewellery
 q - a +4 ring of slaying (left hand)
 x - a ring of resist corrosion
 T - the amulet "Tessosoa" (around neck) {Reflect rPois SH+5}
   (You found it on level 9 of the Dungeon)

   [amulet of reflection]

   It reflects blocked missile attacks.
   rPois:     It protects you from poison.
   SH:        It affects your SH (+5).
 U - a ring of flight (right hand)
Wands
 c - a wand of flame (18) (quivered)
 d - a wand of charming (45)
 e - a wand of iceblast (1)
 g - a wand of light (4)
 I - a wand of mindburst (12)
 M - a wand of polymorph (11)
 O - a wand of digging (21)
Scrolls
 j - 11 scrolls of teleportation
 k - 2 scrolls of poison
 m - 5 scrolls of magic mapping
 r - 3 scrolls of identify
 v - a scroll of torment {unknown}
 w - 3 scrolls of fear
 y - a scroll of blinking
 z - 2 scrolls of amnesia {unknown}
 S - 3 scrolls of butterflies
 X - a scroll of fog
Potions
 h - 5 potions of curing
 i - 4 potions of might
 l - 7 potions of heal wounds
 o - 2 potions of brilliance
 t - 2 potions of cancellation
 C - 2 potions of resistance
 D - 3 potions of lignification {unknown}
 E - 2 potions of berserk rage {unknown}
 F - a potion of haste
 H - 2 potions of ambrosia
 J - 3 potions of magic
 K - 6 potions of invisibility
 R - a potion of flight
Miscellaneous
 n - a lightning rod (4/4)
 u - a phial of floods
 L - a condenser vane


   Skills:
 + Level 13.2 Fighting
 * Level 16.7 Short Blades
 + Level 4.8 Armour
 + Level 4.5 Dodging
 + Level 12.8 Stealth
 + Level 12.9 Invocations
 - Level 3.0 Evocations


You had 14 spell levels left.
You didn't know any spells.
Your spell library contained the following spells:

 Spells                   Type           Power      Damage    Failure   Level
 Apportation              Tloc           0%         N/A       58%         1
 Kiss of Death            Conj/Necr      0%         2d5       58%         1
 Magic Dart               Conj           0%         1d3       58%         1
 Necrotise                Necr           0%         1d4       58%         1
 Sandblast                Erth           0%         2d4       58%         1
 Slow                     Hex            0%         N/A       58%         1
 Summon Small Mammal      Summ           0%         N/A       58%         1
 Cigotuvi's Dreadful Rot  Necr/Pois/Air  0%         N/A       73%         2
 Lesser Beckoning         Tloc           0%         N/A       73%         2
 Passwall                 Tmut/Erth      0%         N/A       73%         2
 Searing Ray              Conj           0%         2d4       73%         2
 Confusing Touch          Hex            0%         N/A       91%         3
 Gell's Gravitas          Tloc           0%         N/A       91%         3
 Portal Projectile        Hex/Tloc       0%         N/A       91%         3
 Stone Arrow              Conj/Erth      0%         3d7       91%         3
 Teleport Other           Tloc           0%         N/A       91%         3
 Tukima's Dance           Hex            0%         N/A       91%         3
 Vampiric Draining        Necr           0%         2d6       91%         3
 Dispel Undead            Necr           0%         3d6       100%        4
 Fulminant Prism          Conj/Hex       0%         3d5       100%        4
 Passage of Golubria      Tloc           0%         N/A       100%        4
 Agony                    Necr           0%         N/A       100%        5
 Blade Hands              Tmut           0%         N/A       100%        5
 Summon Forest            Summ/Tloc      0%         N/A       100%        5
 Summon Mana Viper        Hex/Summ       0%         N/A       100%        5
 Yara's Violent Unravell  Hex/Tmut       0%         3d3       100%        5
 Death Channel            Necr           0%         N/A       100%        6
 Summon Cactus Giant      Summ           0%         N/A       100%        6


Dungeon Overview and Level Annotations

Branches:
Dungeon (15/15)            Temple (1/1) D:6            Lair (5/5) D:11
  Swamp (1/4) Lair:3        Snake (0/4) Lair:3        Slime (0/5) Lair:5
    Orc (2/2) D:9             Elf (0/3) Orc:2        Vaults (0/5) D:14
 Depths (0/4) D:15          Sewer (visited)

Altars:
Ashenzari
Cheibriados
Dithmenos
Fedhas
Gozag
Hepliaklqana
Kikubaaqudgha
Makhleb
Nemelex Xobeh
Okawaru
Ru
Sif Muna
Trog
Uskayaw
Vehumet
Wu Jian
Xom
Yredelemnul

Shops:
D:1 (:*(   D:7 =   Orc:2 ?(!([


Innate Abilities, Weirdness & Mutations

You are partially covered in thin metallic scales. (AC +2)
A powerful demonic guardian rushes to your aid.
You regenerate health from kills.
Your touch may irresistibly damage your foes and sap their willpower.
You have a pair of small horns on your head.
Your flesh is cold resistant. (rC+)
You have hidden genetic potential.


Message History

You miss the spriggan druid.
Your headbutt misses the spriggan druid.
The spriggan druid is lightly wounded.
Your sixfirhy hits the bunyip.
Your sixfirhy shocks the bunyip!
Your sixfirhy splashes around in the water.
The +2 spectral quarterstaff hits you! The bunyip claws you!
You block the bunyip's attack. The bunyip claws you!!
You hit the bunyip.
You headbutt the bunyip, but do no damage.
The bunyip is moderately wounded.
The goliath frog hits you from afar!
* * * LOW HITPOINT WARNING * * *
You are splashed with acid!
* * * LOW HITPOINT WARNING * * *
A spriggan rider comes into view. It is wielding a +0 spear.
The spriggan druid hits you with a +2 spectral quarterstaff!
* * * LOW HITPOINT WARNING * * *
The +2 spectral quarterstaff hits you.
* * * LOW HITPOINT WARNING * * *
Unknown command.
As you read the scroll of fear, it crumbles to dust.
You assume a fearsome visage.
The bunyip looks frightened!
The spriggan druid looks frightened!
The spriggan looks frightened!
The bunyip looks frightened!
The +2 spectral quarterstaff is unaffected.
The spriggan rider looks frightened!
The goliath frog resists with almost no effort.
The +2 spectral quarterstaff barely misses you.
You block the goliath frog's attack.
The spriggan druid cowers, then darts away.
A spriggan rider comes into view. It is wielding a +0 spear.
Unknown command.
Your sixfirhy misses the spriggan druid.
Your sixfirhy hits the spriggan druid.
Your sixfirhy shocks the spriggan druid!
Your sixfirhy's attack snaps the spriggan druid out of its fear.
The goliath frog hits you from afar!
* * * LOW HITPOINT WARNING * * *
The acid corrodes you!
You are splashed with acid.
You die...

.~.~~~~~.♣♣♣~~~~~~~~.~~~~
♣♣.~~~~~~~.♣♣♣♣~~~~~~§~~~~
♣~.~~~~~~~~♣ ♣~~~†§~~~~~♣
♣♣...~~~~..~♣ ♣♣~♣♣.~~~~♣♣
♣~.~~~§~~~..♣♣♣ ♣♣♣..~~~~♣
..~~~~~~§~§~♣~♣♣♣♣.~~....♣
~~~~i~~~~~~.....♣~.~~~.♣.♣
~~~~~~)~.~.~~~~......♣~♣♣♣
~~~~~x~.F~@.~~~~.~~~....♣
..~~~~3.~♣..~~~~§~~~~~.♣♣
♣.~§~i~.~♣~..~~~~~..~~..♣
♣.~~~~~...♣♣..~§~§.♣♣♣.♣♣
♣♣.~~~~§~i♣♣♣♣.~...♣ .~♣
♣>§~~~x~.♣ ♣.~~♣♣♣ ~~♣
♣♣..~~~~.♣ ♣♣♣♣♣ ...
♣♣~..x~.. ♣§ ~....~.♣~


You could see 2 bunyips, a spriggan rider, a spriggan druid (drained, ally
target), a goliath frog, a spriggan (fleeing) and a friendly sixfirhy
(summoned).

Vanquished Creatures
  Kirke (D:14)
  A very ugly thing (D:15)
  Nessos (Lair:4)
  An eleionoma (Swamp:1)
  A dire elephant (Lair:5)
  4 vault guards (D:14)
  A rakshasa (D:15)
  6 hydras
  A ghost crab (Swamp:1)
  A catoblepas (Lair:5)
  4 two-headed ogres
  4 centaur warriors
  A boulder beetle (D:14)
  A deep troll shaman (Lair:5)
  A tengu warrior (D:15)
  2 death yaks (Lair:5)
  3 orc high priests (Orc:2)
  Urug (Lair:2)
  A glowing orange brain (D:15)
  6 orc knights
  A lindwurm (Lair:5)
  A bog body (Lair:3)
  5 deep elf pyromancers
  4 orc sorcerers
  An oklob plant (D:11)
  3 cyclopes
  3 manticores
  17 ugly things
  12 elephants
  4 black mambas
  A torpor snail (Lair:2)
  4 gargoyles
  Maggie (D:8)
  A kobold demonologist (D:14)
  3 yaktaurs (D:15)
  11 cane toads
  A rime drake (Lair:3)
  An efreet (D:15)
  A tengu conjurer (D:15)
  7 komodo dragons
  3 polar bears
  8 trolls
  2 trolls (shapeshifter) (D:14)
  3 hornets
  17 blink frogs
  Prince Ribbit (D:8)
  11 slime creatures
  A water elemental (D:11)
  4 hogs (D:14)
  4 shadows
  2 wraiths
  4 wyverns
  39 yaks
  3 steam dragons
  A golden eye (shapeshifter) (D:14)
  5 basilisks
  2 fire elementals (D:14)
  9 vampire mosquitoes
  3 acid dragons
  3 wargs
  2 nagas (Lair:3)
  17 water moccasins
  26 orc warriors
  3 black bears
  3 ice beasts
  A black bear (shapeshifter) (D:15)
  4 sky beasts
  3 ogres (Orc:2)
  9 wolves
  8 centaurs
  A phantom (D:7)
  3 kobold brigands
  10 bullfrogs
  A gnoll sergeant (D:10)
  2 scorpions
  9 wights
  2 killer bees (D:9)
  5 electric eels
  2 howler monkeys
  2 lava snakes (D:14)
  4 hounds
  18 orc priests
  Crazy Yiuf (D:5)
  A gnoll bouda (D:6)
  5 jellies
  2 sleepcaps
  Terence (D:3)
  20 orc wizards
  2 iguanas (D:4)
  19 hell rats
  14 gnolls
  11 adders
  5 river rats
  2 white imps
  An ufetubus (D:6)
  6 worms
  56 orcs
  11 ball pythons
  4 bats
  3 bat zombies (D:3)
  10 endoplasms
  5 giant cockroaches
  5 goblins
  7 hobgoblins
  11 jackals
  15 kobolds
  2 quokkas (D:1)
  4 frilled lizards
  16 rats
  2 rat zombies (D:3)
625 creatures vanquished.

Vanquished Creatures (collateral kills)
  A very ugly thing (D:15)
  2 hydras (D:14)
  A radroach (shapeshifter) (D:15)
  2 death yaks (Lair:5)
  A deep elf pyromancer (D:14)
  An orc knight (Orc:2)
  Pikel (D:5)
  2 ugly things
  An orc sorcerer (Orc:2)
  A manticore (D:11)
  A komodo dragon (Lair:1)
  A tengu conjurer (D:14)
  A freezing wraith (D:14)
  A hornet (D:9)
  A shadow (D:11)
  11 yaks
  A spriggan (Swamp:1)
  A wyvern (D:8)
  Menkaure (D:5)
  A vampire mosquito (D:11)
  A steam dragon (D:6)
  2 centaurs
  A kobold brigand (D:7)
  A gnoll sergeant (D:11)
  2 bullfrogs
  A wight (D:10)
  A killer bee (D:9)
  2 orc wizards
  A dart slug (D:4)
  4 orcs
  4 kobolds
  2 rats
55 creatures vanquished.

Vanquished Creatures (others)
  A human (D:14)
  2 howler monkeys (D:14)
  2 orcs (D:6)
  8 fungi
  50 plants
63 creatures vanquished.

Grand Total: 743 creatures vanquished

Notes
Turn   | Place    | Note
-------+----------+-------------------------------------------
     0 | D:1      | Alarkh the Demonspawn Artificer began the quest for the
                  | Orb.
     0 | D:1      | Reached XP level 1. HP: 15/15 MP: 1/1
   116 | D:1      | Gained mutation: Your touch may inflict minor irresistible
                  | damage on your foes. [demonic ancestry]
   116 | D:1      | Reached XP level 2. HP: 22/22 MP: 2/2
   139 | D:1      | Found Nuegh's Antique Weapon Boutique.
   239 | D:1      | Found Biosm's General Store.
   304 | D:1      | Found Layxt's Book Boutique.
   351 | D:1      | Found Acocuiz's Weapon Boutique.
   538 | D:1      | Reached skill level 1 in Short Blades
   886 | D:2      | Found a sparkling altar of Nemelex Xobeh.
   905 | D:2      | Gained mutation: A weak demonic guardian rushes to your
                  | aid. [demonic ancestry]
   905 | D:2      | Reached XP level 3. HP: 17/28 MP: 3/3
  1285 | D:2      | Reached skill level 2 in Short Blades
  1345 | D:2      | Gained mutation: Your touch may inflict irresistible damage
                  | on your foes. [demonic ancestry]
  1345 | D:2      | Reached XP level 4. HP: 26/34 MP: 4/4
  1746 | D:3      | Found a faded altar of an unknown god.
  1793 | D:3      | Reached skill level 3 in Short Blades
  1964 | D:3      | Noticed Terence
  1977 | D:3      | Killed Terence
  1978 | D:3      | Gained mutation: You regenerate a little health from kills.
                  | [demonic ancestry]
  1978 | D:3      | Reached XP level 5. HP: 41/41 MP: 5/5
  2155 | D:3      | Found a shadowy altar of Dithmenos.
  2484 | D:3      | Found an ancient bone altar of Kikubaaqudgha.
  2595 | D:4      | Reached skill level 1 in Stealth
  2988 | D:4      | Noticed a sky beast
  2999 | D:4      | Killed a sky beast
  3000 | D:4      | Reached skill level 4 in Short Blades
  3000 | D:4      | Gained mutation: A demonic guardian rushes to your aid.
                  | [demonic ancestry]
  3000 | D:4      | Reached XP level 6. HP: 48/48 MP: 6/6
  3426 | D:4      | Noticed an ice beast
  3426 | D:4      | Noticed a hornet
  3816 | D:5      | Entered Level 5 of the Dungeon
  3834 | D:5      | Noticed Pikel
  3859 | D:5      | Killed Pikel
  3860 | D:5      | Reached skill level 5 in Short Blades
  3860 | D:5      | Gained mutation: A powerful demonic guardian rushes to your
                  | aid. [demonic ancestry]
  3860 | D:5      | Reached XP level 7. HP: 51/55 MP: 7/7
  4010 | D:5      | Reached skill level 5 in Fighting
  4010 | D:5      | Reached skill level 6 in Short Blades
  4010 | D:5      | Noticed Menkaure
  4013 | D:5      | Killed Menkaure
  4014 | D:5      | Reached XP level 8. HP: 32/62 MP: 8/8
  4123 | D:5      | Noticed a troll
  4135 | D:5      | Killed a troll
  4729 | D:5      | Identified the +5 hammer of Bile {freeze, rF+ rN+}
  4730 | D:5      | Found a runed translucent door.
  4731 | D:5      | Noticed Crazy Yiuf
  4744 | D:5      | Killed Crazy Yiuf
  5063 | D:6      | Reached skill level 7 in Short Blades
  5075 | D:6      | Reached skill level 5 in Stealth
  5083 | D:6      | Gained mutation: You are partially covered in thin metallic
                  | scales. (AC +2) [demonic ancestry]
  5083 | D:6      | Reached XP level 9. HP: 31/69 MP: 9/9
  5228 | D:6      | Found a staircase to the Ecumenical Temple.
  5357 | D:6      | Found a glowing drain.
  5364 | Sewer    | Entered a sewer
  5457 | Sewer    | Reached skill level 8 in Short Blades
  5981 | D:6      | Noticed a troll
  5985 | D:6      | Killed a troll
  6571 | D:7      | Found Fujyvech's Jewellery Emporium.
  6576 | D:7      | Reached skill level 9 in Short Blades
  6708 | D:7      | Reached XP level 10. HP: 77/79 MP: 10/10
  6875 | D:7      | Found a sacrificial altar of Ru.
  7377 | D:8      | Noticed Maggie
  7384 | D:8      | Killed Maggie
  7488 | D:8      | Found an ornate altar of the Wu Jian Council.
  7592 | D:8      | Noticed Prince Ribbit
  7614 | D:8      | Killed Prince Ribbit
  7615 | D:8      | Reached skill level 10 in Short Blades
  8811 | Temple   | Entered the Ecumenical Temple
  8910 | Temple   | Became a worshipper of Uskayaw the Reveller
  8969 | D:9      | Found a staircase to the Orcish Mines.
  8977 | D:9      | Noticed a two-headed ogre
  8985 | D:9      | Reached * piety under Uskayaw
  8989 | D:9      | Reached ** piety under Uskayaw
  8994 | D:9      | Killed a two-headed ogre
  8994 | D:9      | Reached *** piety under Uskayaw
  9075 | D:9      | Reached **** piety under Uskayaw
  9248 | D:9      | Reached skill level 11 in Short Blades
  9359 | D:9      | Reached XP level 11. HP: 58/87 MP: 11/11
  9361 | D:9      | Reached skill level 1 in Invocations
  9523 | D:9      | Paralysed by a hornet for 1 turns
  9910 | D:9      | Identified the amulet "Tessosoa" {Reflect rPois SH+5}
 10102 | D:10     | Entered Level 10 of the Dungeon
 10119 | D:10     | Reached ***** piety under Uskayaw
 10465 | D:10     | Reached skill level 12 in Short Blades
 10797 | D:10     | Found a portal to a secret trove of treasure.
 10825 | D:10     | You paid a toll of 5 scrolls of blinking to enter a
                  | treasure trove
 10826 | Trove    | Entered a treasure trove
 10831 | Trove    | Found the +3 warlock's mirror {omnireflect}
 10833 | Trove    | Identified the amulet of the Endless Demons {Acrobat +Inv
                  | Int+8}
 10835 | Trove    | Identified the +0 pair of boots of the Stars {Int+3}
 10842 | Trove    | Identified the amulet "Koozea" {RegenMP rPois rN+}
 10844 | Trove    | Identified the +4 long sword of Gempatog {flame, rN+ Int+4}
 10847 | Trove    | Identified the amulet "Zeikhleu" {Acrobat rF+}
 10932 | D:11     | Noticed a deep elf pyromancer
 10950 | D:11     | Killed a deep elf pyromancer
 10968 | D:11     | Noticed a two-headed ogre
 11011 | D:11     | Killed a two-headed ogre
 11211 | D:11     | Reached skill level 5 in Invocations
 11660 | D:11     | Reached skill level 10 in Fighting
 11825 | D:11     | Noticed an oklob plant
 11828 | D:11     | Found a staircase to the Lair.
 11842 | D:11     | Killed an oklob plant
 11843 | D:11     | Reached XP level 12. HP: 78/97 MP: 16/16
 12714 | D:12     | Identified the +4 flail of Inflation {flame, rC- Dex+4}
 12816 | D:12     | Reached skill level 13 in Short Blades
 13213 | Lair:1   | Entered Level 1 of the Lair of Beasts
 13546 | Lair:1   | Reached skill level 10 in Stealth
 13741 | Lair:1   | Identified the +8 ring mail of Rineqiju {-Tele rN+ Stlth+}
 14287 | Lair:2   | Found a sacrificial altar of Ru.
 14474 | Lair:2   | Noticed a seven-headed hydra
 14503 | Lair:2   | Killed a seven-headed hydra
 14650 | Lair:2   | Noticed Urug
 14663 | Lair:2   | Killed Urug
 14932 | Lair:2   | Gained mutation: You regenerate health from kills. [demonic
                  | ancestry]
 14932 | Lair:2   | Reached XP level 13. HP: 50/99 MP: 19/19
 15263 | Lair:3   | Found a staircase to the Snake Pit.
 15641 | Lair:3   | Reached skill level 14 in Short Blades
 15663 | Lair:3   | Reached ****** piety under Uskayaw
 16089 | Lair:3   | Found a staircase to the Swamp.
 16359 | Lair:4   | Noticed Nessos
 16399 | Lair:4   | Killed Nessos
 17158 | Lair:4   | Reached skill level 10 in Invocations
 17402 | Lair:5   | Entered Level 5 of the Lair of Beasts
 18084 | Lair:5   | Reached skill level 15 in Short Blades
 18189 | Lair:5   | Found a staircase to the Slime Pits.
 18219 | Lair:5   | Gained mutation: Your touch may irresistibly damage your
                  | foes and sap their willpower. [demonic ancestry]
 18219 | Lair:5   | Reached XP level 14. HP: 115/115 MP: 21/21
 19207 | Lair:2   | Gained mutation: You have a pair of small horns on your
                  | head. [potion of mutation]
 19207 | Lair:2   | Gained mutation: You have hidden genetic potential. [potion
                  | of mutation]
 19621 | D:13     | Reached skill level 1 in Dodging
 20284 | Orc:1    | Entered Level 1 of the Orcish Mines
 21158 | Orc:2    | Entered Level 2 of the Orcish Mines
 21209 | Orc:2    | Found Xival Kuze's Antique Armour Boutique.
 21262 | Orc:2    | Found a staircase to the Elven Halls.
 21611 | Orc:2    | Found Itsuk's Weapon Emporium.
 21713 | Orc:2    | Paralysed by an orc sorcerer for 3 turns
 21743 | Orc:2    | Found Muis's Magic Scroll Emporium.
 21768 | Orc:2    | Found Neohotti's Antique Weapon Shop.
 21773 | Orc:2    | Found Esherch's Distillery.
 21778 | Orc:2    | Bought a potion of heal wounds for 75 gold pieces
 21786 | Orc:2    | Bought a twisted dagger for 273 gold pieces
 21786 | Orc:2    | Identified the +12 dagger of Makhleb, Ageing {drain, Will+
                  | Int+2} (You bought it in a shop on level 2 of the Orcish
                  | Mines)
 21982 | D:14     | Reached skill level 16 in Short Blades
 22186 | D:14     | Found a gate to the Vaults.
 22217 | D:14     | Reached XP level 15. HP: 25/122 MP: 24/24
 22594 | Orc:2    | Bought the +7 dagger of the Gibberer {elec, *Corrode rElec
                  | rPois rF+} for 894 gold pieces
 22927 | D:14     | You are sucked into a shaft and drop 1 floor!
 22927 | D:15     | Entered Level 15 of the Dungeon
 22997 | D:14     | Noticed Kirke
 23009 | D:14     | Killed Kirke
 23013 | D:14     | Gained mutation: Your flesh is cold resistant. (rC+)
                  | [hidden potential]
 23698 | D:15     | Identified the +1 pair of boots "Inkyn Ana" {rPois Will+++
                  | SInv Stlth-}
 24807 | D:15     | Found a staircase to the Depths.
 25180 | Swamp:1  | Entered Level 1 of the Swamp
 25249 | Swamp:1  | HP: 5/124 [goliath frog (15)]
 25249 | Swamp:1  | Splashed by a goliath frog's acid

Illustrated notes

Levels and vault maps discovered:
D:1:      amcnicky_arrival_double_pillar, layout_basic, serial_shops,
          nicolae_shop_rolling_square, nicolae_shop_tiny_glass, shop, shop
D:2:      layout_loops_ring, basic_altar, feat_on_display
D:3:      layout_basic, nicolae_overflow_hidden_temple,
          lemuel_zombie_altar_kikubaaqudgha,
          shapermc_ecumenical_altar_acropolis, uniq_terence
D:4:      layout_layer_cave, minmay_divided_ellipse
D:5:      layout_loops_ring, amcnicky_mini_pool_small, uniq_menkaure,
          uniq_pikel, uniq_crazy_yiuf_cottage
D:6:      layout_cave_pods, minmay_temple_entry_tees, lightli_sewer_entry_pipes,
          minmay_manual_moon
D:7:      layout_cave_pools, nicolae_ru_sacrificial_ziggurat, serial_shops, shop
D:8:      layout_basic, mainiacjoe_overflow_boulevard, grunt_ministairs_15,
          kennysheep_opposing_triangles, uniq_maggie, uniq_prince_ribbit1
D:9:      layout_irregular_city, orc_0_dummy
D:10:     layout_rooms, lemuel_round_altar, enter_trove_3
D:11:     layout_basic, dpeg_oklobed_lair, kennysheep_path_1, minmay_door_square
D:12:     layout_gridville
D:13:     layout_basic, hex_tiny, chequers_arboretum
D:14:     layout_basic, lightli_vaults_fourway_checkpoint,
          hangedman_decor_slide_cut, uniq_kirke
D:15:     gammafunk_enter_depths_forms, layout_basic, serial_park_avenue1
Temple:   nicolae_temple_superstar
Lair:1:   layout_misc_corridors
Lair:2:   wad_woods_stonehenge, layout_misc_corridors, st_stairs_10,
          small_statue_intersection, kennysheep_abandoned_house, uniq_urug
Lair:3:   layout_roguey, skrybe_swamp_entry_bodies, guppyfry_snake_entry_island,
          st_stairs_7, infiniplex_staircase_pool
Lair:4:   layout_small_grid, uniq_nessos
Lair:5:   grunt_lair_end_beastmaster, layout_loops_ring,
          nicolae_slime_entry_field_trip, lemuel_fruit_tree
Swamp:1:  layout_basic_swamp, portal_ice_cave_entry_pillars_2,
          evilmike_swamp_ruin_rubble_2, nicolae_swamp_orc_logging_accident
Orc:1:    nicolae_orc_accident_1, layout_caves
Orc:2:    st_orc_elflike, layout_caves, basic_altar, serial_shops,
          nicolae_shop_trees

Skill      XL: |  1  2  3  4  5  6  7  8  9 10 11 12 13 14 15 |
---------------+----------------------------------------------+-----
Fighting       | 2 3 4 5 6 7 8 10 11 12 13 | 13.2
Short Blades   | 1 2 3 4 5 6 7 9 11 12 13 15 16 | 16.7
Stealth        | 1 3 5 6 8 9 10 11 12 | 12.8
Invocations    | 5 8 10 12 | 12.9
Dodging        | 3 4 |  4.5
Armour         | 3 4 |  4.8
Evocations     | |  3.0

Action                     |  1- 3 |  4- 6 |  7- 9 | 10-12 | 13-15 || total
---------------------------+-------+-------+-------+-------+-------++-------
  Melee: Club              |    13 |       |       |       |       ||    13
         Short sword       |    50 |       |   118 |   901 |   829 ||  1898
         Punch             |     1 |     2 |     1 |    16 |    16 ||    36
         Touch             |    12 |    38 |    62 |   189 |   244 ||   545
         Dagger            |    59 |   197 |   202 |       |   243 ||   701
         Headbutt          |       |       |       |       |   150 ||   150
 Invoke: Line Pass         |       |       |       |     1 |     3 ||     4
  Evoke: Wand              |     3 |     9 |     3 |     4 |     2 ||    21
    Use: Scroll            |       |       |    11 |     5 |     8 ||    24
         Potion            |       |       |     1 |       |     6 ||     7
   Stab: Sleeping          |     3 |     5 |    15 |    19 |    34 ||    76
         Distracted        |       |       |     1 |     2 |     7 ||    10
         Paralysed         |       |       |       |    27 |    74 ||   101
         Confused          |       |       |       |       |     2 ||     2
         Petrifying        |       |       |       |       |     2 ||     2
 Armour: Leather armour    |    33 |    55 |    66 |     5 |       ||   159
         Skin              |       |       |       |    35 |       ||    35
         Swamp dragon scal |       |       |       |    76 |   200 ||   276
         Scale mail        |       |       |       |       |    35 ||    35
  Dodge: Dodged            |    70 |    84 |    66 |   142 |   239 ||   601
  Block: Other             |       |    21 |    36 |    73 |    91 ||   221
         Reflection        |       |       |     3 |     2 |     6 ||    11
         Buckler           |       |       |       |    16 |       ||    16
